Cogmind - Beta 10.2 @@@ ROGUE MODE // 2022.02.21 @ 08:26:05 Player: Wayward Satellite Result: Destroyed by G-73 Enforcer with Phase Gun Performance ------------- Evolutions (9) 4500 Regions Visited (20) 4000 Robots Destroyed (164) 820 Value Destroyed (8757) 8757 Prototype IDs (35) 700 Alien Tech Used (0) 0 Bonus (4293) 4293 TOTAL SCORE: 23070 Bonus ------- High Alert Combat Kills 763 Follower Combat Kills 583 Entered Garrisons 1000 Used RIF Installer 2000 Aligned with FarCom 300 Friendly Fire -353 Cogmind --------- Core Integrity 0/1600 Matter 245/300 Energy 80/100 System Corruption 9% Temperature Cool (0) Movement Hovering (70) Location -1/Access Parts ------- > --- POWER (2) -------- (None) > --- PROPULSION (6) --- Improved Gyrokinetic Inverter > --- UTILITY (12) ----- Melee Analysis Suite > --- WEAPON (5) ------- (None) > --- INVENTORY (4) ---- Light Quantum Reactor Improved Overload Regulator Peak State ------------ > --- POWER ------------ Cold Fusion Reactor Particle Reactor > --- PROPULSION ------- Armored Leg Enhanced Biometal Leg Enhanced Biometal Leg Enhanced Biometal Leg Enhanced Biometal Leg > --- UTILITY ---------- Advanced Heat Sink Advanced Heat Sink Lightpack 2.0 Improved Focal Shield Improved Hacking Suite Relay Coupler [NC] Relay Coupler [Grunt] Relay Coupler [Duelist] Relay Coupler [Behemoth] > --- WEAPON ----------- Wave Gun Quantum Rifle KE Penetrator KE Penetrator > --- INVENTORY -------- Micro Fission Core Carbon-fiber Leg Flexi-carbon Leg Flexi-carbon Leg Armored Leg High-capacity Storage Unit Energy Well Energy Filter Weapon Cycler Improved Phase Shifter Improved Medium Armor Plating Improved Medium Armor Plating EM Shield Relay Coupler [Grunt] Relay Coupler [Brawler] Relay Coupler [Sentry] Relay Coupler [Hunter] Relay Coupler [Behemoth] Sensor Drone Bay Long-range Proton Cannon Heavy Neutron Cannon Long-range Missile Launcher Advanced Remote Datajack [Rating: 146] Favorites ----------- Power Particle Reactor Engine Light Angular Momentum Engine Power Core Light Nuclear Core Reactor Particle Reactor Propulsion Enhanced Biometal Leg Treads Advanced Medium Treads Leg Enhanced Biometal Leg Hover Unit Antigrav Array Flight Unit Improved Diametric Drive Utility Advanced Heat Sink Device Advanced Heat Sink Storage Lightpack 2.0 Processor Advanced Targeting Computer Hackware Relay Coupler [Grunt] Protection Improved Light Armor Plating Weapon Flak Gun Energy Gun EM Shotgun Energy Cannon Long-range Proton Cannon Ballistic Gun Flak Gun Ballistic Cannon Assault Cannon Launcher Long-range Missile Launcher Special Weapon Advanced Remote Datajack Impact Weapon Maul Piercing Weapon Enhanced Force Lance Build | -11 -10 -10 -10 -9 -8 -7 -7 -6 -6 -6 -6 -5 -4 -3 -3 -3 -2 -2 -2 -1 ------- Run | Scr Mat Min Exi Min Mat Fac Gar Fac Gar Fac Gar Fac Fac Res Gar Res Res Gar Res Acc Slots Evolved 18 | . . . . . 4 2 . 2 . . . 2 2 2 . . 2 . . 2 Power 1 | . . . . . . . . . . . . . . 1 . . . . . . Propulsion 4 | . . . . . 1 . . 1 . . . . 1 . . . . . . 1 Utility 10 | . . . . . 2 2 . 1 . . . 1 1 1 . . 1 . . 1 Weapon 3 | . . . . . 1 . . . . . . 1 . . . . 1 . . . Parts Attached 356 | 6 7 . . 7 9 14 7 20 30 5 33 32 7 15 26 42 42 1 26 27 Power 41 | 1 1 . . 1 . 2 1 1 2 . 1 3 . 1 2 5 6 1 4 9 Engine 7 | 1 . . . 1 . 1 1 . 2 . 1 . . . . . . . . . Core 12 | . 1 . . . . 1 . 1 . . . 2 . 1 . . 2 . 2 2 Reactor 22 | . . . . . . . . . . . . 1 . . 2 5 4 1 2 7 Propulsion 75 | 2 . . . 3 4 . 3 8 9 1 4 4 2 4 1 5 12 . 6 7 Treads 2 | . . . . . . . . . . . . . . . . . . . . 2 Leg 55 | 2 . . . 3 4 . 3 8 9 1 4 4 2 4 1 5 5 . . . Wheel . | . . . . . . . . . . . . . . . . . . . . . Hover 3 | . . . . . . . . . . . . . . . . . . . . 3 Flight 15 | . . . . . . . . . . . . . . . . . 7 . 6 2 Utility 126 | 2 2 . . 2 3 5 3 8 8 1 12 12 2 5 13 17 12 . 14 5 Device 56 | . . . . 2 . 2 2 6 2 . 4 5 2 1 8 10 6 . 3 3 Storage 11 | 2 1 . . . 1 . . . . . . . . . . 3 4 . . . Processor 13 | . 1 . . . . 1 . . . . . . . . . 2 1 . 6 2 Hackware 20 | . . . . . . 1 . . 3 . 4 3 . 2 2 2 1 . 2 . Protection 26 | . . . . . 2 1 1 2 3 1 4 4 . 2 3 . . . 3 . Artifact . | . . . . . . . . . . . . . . . . . . . . . Weapon 114 | 1 4 . . 1 2 7 . 3 11 3 16 13 3 5 10 15 12 . 2 6 Energy Gun 31 | 1 4 . . 1 1 2 . . . 1 4 1 . 1 4 6 3 . . 2 Energy Cannon 14 | . . . . . 1 . . . . . . 4 1 1 2 1 2 . . 2 Ballistic Gun 34 | . . . . . . 4 . 2 7 1 5 5 2 1 1 4 2 . . . Ballistic Cannon 4 | . . . . . . . . . . . 2 . . . . . 2 . . . Launcher 3 | . . . . . . . . . 2 . 1 . . . . . . . . . Special Weapon 20 | . . . . . . . . . 2 1 4 3 . 2 3 4 1 . . . Impact Weapon 2 | . . . . . . 1 . 1 . . . . . . . . . . . . Slashing Weapon . | . . . . . . . . . . . . . . . . . . . . . Piercing Weapon 6 | . . . . . . . . . . . . . . . . . 2 . 2 2 Special Melee Weapon . | . . . . . . . . . . . . . . . . . . . . . Unidentified Prototypes 8 | . . . . . . 1 . . . . . 1 . 1 . . 2 . 2 1 Parts Lost 121 | . 1 . . 2 1 . 3 2 9 . 6 2 1 2 17 7 30 . 5 33 Power 12 | . . . . 1 . . . . 1 . 1 . . . . . 6 . . 3 Propulsion 31 | . . . . . . . 1 1 3 . 1 1 1 . 2 . 8 . 3 10 Utility 38 | . . . . . . . 2 1 2 . 2 . . . 10 2 4 . 2 13 Weapon 40 | . 1 . . 1 1 . . . 3 . 2 1 . 2 5 5 12 . . 7 Highest Loss Streak 15 | . 1 . . 1 1 . 2 2 4 . 2 2 1 2 15 3 11 . 2 11 Average Slot Usage (%) 89 | . 100 100 100 99 89 90 92 91 89 93 92 93 94 94 94 98 85 39 71 41 Engine 2 | . 5 . . 9 9 5 7 5 2 6 5 1 . . . . . . . . Core 2 | . 8 14 14 4 . 1 . . 3 . . 3 . 4 . . 1 . 2 1 Reactor 2 | . . . . . . . . . . . . . 5 4 8 9 5 8 5 2 Leg 21 | . 28 28 28 28 27 23 23 26 25 26 25 22 26 23 23 22 17 . . . Flight 1 | . . . . . . . . . . . . . . . . . 2 21 18 3 Device 9 | . . . . 13 9 14 12 17 5 6 9 8 15 12 11 19 14 4 6 2 Storage 6 | . 24 14 14 14 9 7 7 6 6 6 6 5 5 4 3 3 7 . . . Processor 4 | . 3 14 14 . . 2 . . . . . . . . . 5 6 . 21 19 Hackware 9 | . . . . . . . 7 6 17 20 12 16 15 17 20 12 11 . 4 3 Protection 5 | . . . . . 8 11 9 7 7 6 10 7 5 6 5 3 . . 4 2 Energy Gun 8 | . 28 28 28 28 19 6 . . . 3 5 4 . . 7 10 2 . . . Energy Cannon 1 | . . . . . 7 3 . . . . . 6 9 6 1 1 1 . . . Ballistic Gun 7 | . . . . . . 11 23 19 19 15 5 10 10 10 8 4 9 . . . Naked Turns 1 | . . . . . . . . . . . . . . . . . 1 . . . Heaviest Build 107 | 12 23 18 18 24 27 32 31 33 30 30 55 58 70 79 83 84 107 36 51 45 Greatest Support 136 | 20 20 20 20 20 50 50 50 70 70 71 76 76 82 136 136 136 125 41 54 60 Greatest Overweight (x) 4 | . 1 . . 1 . . . . . . . . . 1 . . 1 . . 4 Average Overweight (x) . | . . . . . . . . . . . . . . . . . . . . . Largest Inventory Capacity 28 | 8 10 8 8 8 28 24 24 24 24 24 24 24 24 24 24 4 16 4 4 4 Average Capacity 15 | 5 8 8 8 8 24 24 24 24 24 24 24 24 24 24 21 4 9 4 4 4 Most Carried 24 | 3 8 8 8 8 18 24 24 24 24 24 24 24 24 24 24 4 16 2 4 4 Average Carried 14 | 2 6 7 7 7 10 21 23 23 21 23 23 23 22 22 21 3 7 2 3 3 Final Capacity 24 | 8 8 8 8 8 24 24 24 24 24 24 24 24 24 24 4 4 4 4 4 4 Final Carried 24 | 3 7 8 8 8 18 24 24 24 21 24 24 24 23 24 4 4 3 2 3 2 Class Distribution -------------------- 20% | Mutant 19% | Bothacker-Tank 14% | Bothacker-Skirmisher 12% | Scavenger-Skirmisher 10% | Scavenger-Gunner 6% | Bothacker-Mutant 5% | Scavenger-Mutant Dominant Class ---------------- Mutant | -10/Materials Mutant | -10/Mines Mutant | -10/Exiles Scavenger-Mutant | -9/Mines Scavenger-Skirmisher | -8/Materials Scavenger-Skirmisher | -7/Factory Scavenger-Skirmisher | -7/Garrison Scavenger-Skirmisher | -6/Factory Bothacker-Skirmisher | -6/Garrison Bothacker-Skirmisher | -6/Factory Bothacker-Tank | -6/Garrison Bothacker-Skirmisher | -5/Factory Bothacker-Tank | -4/Factory Bothacker-Tank | -3/Research Bothacker-Tank | -3/Garrison Bothacker-Tank | -3/Research Scavenger-Gunner | -2/Research Sprinter | -2/Garrison Infiltrator-Sprinter | -2/Research Mutant | -1/Access Resources | -11 -10 -10 -10 -9 -8 -7 -7 -6 -6 -6 -6 -5 -4 -3 -3 -3 -2 -2 -2 -1 ----------- Run | Scr Mat Min Exi Min Mat Fac Gar Fac Gar Fac Gar Fac Fac Res Gar Res Res Gar Res Acc Matter Collected 7656 | 260 59 74 . 60 50 233 455 461 565 301 1093 498 161 266 634 1219 834 . 338 95 Remotely 481 | . . . . . . . . 277 204 . . . . . . . . . . . Salvage Created 8602 | 57 467 . . 100 229 272 560 462 457 70 730 546 182 372 705 1071 1185 . 727 410 Parts 397 | 2 28 . . 4 10 19 24 23 24 6 27 14 11 7 39 45 51 . 40 23 Haulers Intercepted 2 | . . . . . . . . . . . . 1 . . . . 1 . . . Recyclers Shooed 9 | . 1 . . 1 . 1 . . . . . . . . . 1 5 . . . Parts Field Recycled . | . . . . . . . . . . . . . . . . . . . . . Retrieved Matter . | . . . . . . . . . . . . . . . . . . . . . Parts Self-Destructed . | . . . . . . . . . . . . . . . . . . . . . Prevented . | . . . . . . . . . . . . . . . . . . . . . Kills | -11 -10 -10 -10 -9 -8 -7 -7 -6 -6 -6 -6 -5 -4 -3 -3 -3 -2 -2 -2 -1 ------- Run | Scr Mat Min Exi Min Mat Fac Gar Fac Gar Fac Gar Fac Fac Res Gar Res Res Gar Res Acc Combat Hostiles Destroyed 141 | . 11 . . 2 4 4 14 8 15 . 16 5 5 4 13 13 15 . 7 5 Melee 17 | . . . . . . . . . . . . . . . . . 5 . 7 5 Guns 91 | . 11 . . 2 2 3 14 8 6 . 7 3 4 1 13 12 5 . . . Cannons 17 | . . . . . 1 1 . . . . 7 2 . 1 . . 5 . . . AOE 13 | . . . . . 1 . . . 9 . 2 . . . . 1 . . . . Classes Destroyed 16 | 1 4 . . 1 1 1 1 1 1 . 1 1 . . . . 1 . 1 1 Worker 2 | . 2 . . . . . . . . . . . . . . . . . . . Builder 2 | . . . . . . . . 1 . . . . . . . 1 . . . . Tunneler 1 | . . . . . . . . . . . . . . . . . . . 1 . Hauler 2 | . . . . . . . . . . . . 1 . . . . 1 . . . Recycler 9 | 1 1 . . . . 1 . . . . . . . . . 2 2 . 2 . Operator 1 | . . . . . . . . . . . . . . . . . 1 . . . Watcher 4 | . 1 . . . . . . . . . . 1 . . . . . . 1 1 Swarmer 37 | . 6 . . . . . 7 . 3 . . . 4 . 7 2 5 . 3 . Grunt 54 | . 5 . . 1 3 . 2 6 10 . 11 3 . . 4 4 3 . 1 1 Brawler 4 | . . . . 1 . . . . 1 . 1 . . . . . . . . 1 Duelist 3 | . . . . . . . 1 1 . . . 1 . . . . . . . . Protector 1 | . . . . . . . . . . . . . . . . . . . . 1 Sentry 19 | . . . . . 1 1 3 1 . 1 2 2 1 3 . 2 . . 2 . Hunter 6 | . . . . . . . . . . . 1 . . 1 . 2 2 . . . Programmer 17 | . . . . . . 3 1 . . . 1 . . . 1 3 5 . 1 2 Behemoth 2 | . . . . . . . . . 1 . . . . . 1 . . . . . Best Kill Streak 12 | 1 4 . . 2 4 2 8 4 12 . 3 2 4 3 4 4 3 . 4 2 Combat Bots Only 12 | . 3 . . 2 4 2 8 4 12 . 3 2 4 3 4 3 3 . 2 2 Max Kills in Single Turn 2 | 1 2 . . 1 1 1 1 1 2 1 2 1 2 1 1 1 2 . 1 1 Gunslinging 1 | . . . . . . . . . . . . . 1 . . . . . . . Exploded 2 | . . . . . 1 . . . 2 . 2 . . . . 1 . . . . Melee 1 | . . . . . . . . . . . . . . . . . 1 . 1 1 Uniques/NPCs Destroyed . | . . . . . . . . . . . . . . . . . . . . . Combat | -11 -10 -10 -10 -9 -8 -7 -7 -6 -6 -6 -6 -5 -4 -3 -3 -3 -2 -2 -2 -1 -------- Run | Scr Mat Min Exi Min Mat Fac Gar Fac Gar Fac Gar Fac Fac Res Gar Res Res Gar Res Acc Damage Taken 21357 | . 347 . . 120 156 368 696 903 1714 . 1884 546 615 778 1571 1640 4803 17 1150 4049 Core 3546 | . 73 . . 11 31 55 29 49 154 . 268 40 34 40 96 160 607 . 275 1624 Absorbed by Shields 38 | . . . . . . . . . . . . . . . . . . 6 32 . Core Remaining (%) 77 | 100 . . . 66 94 . 88 . . . 44 96 97 . . 77 . . 39 . Volleys Fired 475 | 8 33 1 . 10 10 17 27 27 45 6 89 27 9 19 53 57 37 . . . Largest 5 | 1 2 2 . 2 3 3 3 3 3 3 3 4 4 4 4 4 5 . . . Hottest 404 | 40 90 85 . 85 146 146 81 81 86 125 182 259 228 228 241 328 404 . . . Shots Fired 1258 | 8 66 2 . 18 27 40 80 81 95 8 185 85 27 61 167 173 135 . . . Gun 1000 | 8 66 2 . 18 23 32 80 81 80 7 71 60 23 38 157 160 94 . . . Cannon 205 | . . . . . 4 8 . . . . 100 22 4 18 4 5 40 . . . Launcher 14 | . . . . . . . . . 12 . 2 . . . . . . . . . Special 39 | . . . . . . . . . 3 1 12 3 . 5 6 8 1 . . . Kinetic 738 | . . . . . . 25 80 81 80 2 139 37 23 34 81 56 100 . . . Thermal 321 | 8 20 . . . . . . . . 5 32 35 . 4 80 106 31 . . . Explosive 14 | . . . . . . . . . 12 . 2 . . . . . . . . . Electromagnetic 146 | . 46 2 . 18 27 15 . . . . . 10 4 18 . 3 3 . . . Robot Hit Streak 26 | 4 7 5 . 5 7 7 11 26 12 5 19 10 10 6 13 23 18 . . . Robot Miss Streak 11 | 2 4 1 . 3 2 6 8 5 11 2 6 7 3 4 5 3 5 . . . Penetration Max 1 | . . . . . . . . . . . . . . . 1 . 1 . . . Secondary Targets 12 | . . . . 1 . . 1 1 2 . . . 3 . 3 1 . . . . Max Gunslinging Chain 2 | . . . . 1 . . 1 1 1 . . . 2 . 1 1 . . . . Shots Hit Robots 947 | 5 46 2 . 13 21 32 64 69 73 7 113 66 18 38 100 122 108 . 23 27 Core Hits 471 | 2 26 . . 3 9 18 51 49 59 5 57 33 5 12 34 41 36 . 14 17 Critical Hits 20 | . . . . . . . . . . . 2 . 2 . 2 2 4 . 5 3 Critical Kills 12 | . . . . . . . . . . . 1 . 1 . . 2 2 . 4 2 Critical Parts Destroyed 8 | . . . . . . . . . . . 1 . 1 . 2 . 2 . 1 1 Melee Attacks 103 | . . . . . . 1 . 3 . . . . . . . . 35 . 30 34 Impact 4 | . . . . . . 1 . 3 . . . . . . . . . . . . Slashing . | . . . . . . . . . . . . . . . . . . . . . Piercing 99 | . . . . . . . . . . . . . . . . . 35 . 30 34 Sneak Attacks 4 | . . . . . . . . . . . . . . . . . . . 4 . Combat Hostiles . | . . . . . . . . . . . . . . . . . . . . . Follow-up Attacks 7 | . . . . . . . . . . . . . . . . . . . 1 6 Damage Inflicted 22937 | 68 593 25 . 183 382 510 1032 1281 2314 112 2327 1086 444 733 2213 2963 3402 . 1908 1361 Guns 13653 | 68 576 25 . 150 217 432 1032 1019 991 99 885 676 326 434 2213 2717 1793 . . . Cannons 3178 | . . . . . 70 78 . . . . 1136 402 118 299 . 120 955 . . . Explosions 2186 | . 17 . . 33 95 . . 262 1292 . 306 . . . . 70 111 . . . Melee 3786 | . . . . . . . . . . . . . . . . . 543 . 1908 1335 Ramming 134 | . . . . . . . . . 31 13 . 8 . . . 56 . . . 26 Kinetic 9731 | . . . . . . 374 1032 1019 991 22 1698 306 326 386 1053 625 1899 . . . Thermal 5541 | 68 173 . . 33 95 . . . . 77 323 572 . 48 1160 2244 748 . . . Explosive 1971 | . . . . . . . . 262 1292 . 306 . . . . . 111 . . . Electromagnetic 1774 | . 420 25 . 150 287 136 . . . . . 200 118 299 . 38 101 . . . Impact . | . . . . . . . . . . . . . . . . . . . . . Slashing . | . . . . . . . . . . . . . . . . . . . . . Piercing 3786 | . . . . . . . . . . . . . . . . . 543 . 1908 1335 Highest Corruption 9 | . . . . . . 1 1 . . . 3 1 . . 1 6 7 7 9 9 Average Corruption 3 | . . . . . . 1 1 . . . 2 1 . . 1 3 4 7 7 7 Corruption Purged . | . . . . . . . . . . . . . . . . . . . . . Effects 135 | . . . . . . 1 4 . . . 16 2 . . 11 35 37 1 13 15 Message Errors 30 | . . . . . . . 3 . . . 2 1 . . 2 9 3 . 3 7 Matter Fused 21 | . . . . . . . . . . . 4 . . . . 4 9 1 1 2 Heat Flow Errors 9 | . . . . . . . . . . . 1 . . . . 2 4 . 1 1 Energy Discharges 16 | . . . . . . . . . . . 1 . . . 2 1 6 . 2 4 Parts Rejected 2 | . . . . . . . . . . . . . . . . 1 . . . 1 Data Loss (minor) 13 | . . . . . . 1 . . . . 4 . . . . 3 3 . 2 . Data Loss (major) 1 | . . . . . . . . . . . . . . . . . 1 . . . Misfires 3 | . . . . . . . . . . . . . . . . 2 1 . . . Targeting Errors 35 | . . . . . . . . . . . 3 1 . . 7 11 9 . 4 . Weapon Failures 5 | . . . . . . . 1 . . . 1 . . . . 2 1 . . . Overload Shots . | . . . . . . . . . . . . . . . . . . . . . Overflow Damage 400 | . 15 . . . . . . 26 . . 13 . . . . . 139 . 94 113 Projectiles 70 | . . . . . . . . . . . 13 . . . . . 57 . . . Explosions 123 | . 15 . . . . . . 26 . . . . . . . . 82 . . . Melee 207 | . . . . . . . . . . . . . . . . . . . 94 113 Knockbacks 17 | . . . . . . . . . 1 . 10 . . . . . 6 . . . Impact 1 | . . . . . . . . . 1 . . . . . . . . . . . Kinetic 15 | . . . . . . . . . . . 10 . . . . . 5 . . . Secondary 1 | . . . . . . . . . . . . . . . . . 1 . . . Self-Inflicted Damage 401 | . 34 . . 17 . . . 130 10 . 28 . . . . 84 86 . . 12 Shots 8 | . 1 . . 1 . . . 2 . . 2 . . . . 1 1 . . . Rammed 16 | . . . . . . . . . 5 1 . 1 . . . . . . . 9 Targets Rammed 26 | . . . . . . . . . 10 2 . 3 . . . 2 . . . 9 Kicked 10 | . . . . . . . . . 5 1 . 2 . . . 2 . . . . Crushed . | . . . . . . . . . . . . . . . . . . . . . Highest Temperature 392 | . 336 30 . 39 126 90 20 19 14 . 160 351 141 325 368 392 203 72 202 249 Average Temperature 83 | . 115 18 . 10 62 19 3 6 6 . 52 108 77 142 83 140 52 33 41 136 Received Heat Transfer 2820 | . 51 . . 57 72 54 135 369 309 . 657 153 18 72 120 105 54 . 180 414 Effects 7 | . 1 . . . . . . . . . . 2 . 1 3 . . . . . Energy Bleed 1 | . . . . . . . . . . . . . . 1 . . . . . . Interference 5 | . . . . . . . . . . . . 2 . . 3 . . . . . Matter Decay 1 | . 1 . . . . . . . . . . . . . . . . . . . Siege Activations . | . . . . . . . . . . . . . . . . . . . . . Robots Corrupted 3 | . . . . . . . . . . . . . 1 2 . . . . . . Combat Hostiles 3 | . . . . . . . . . . . . . 1 2 . . . . . . Parts Fried 11 | . . . . . 2 3 . . . . . . . 5 . . 1 . . . Impact Corruptions . | . . . . . . . . . . . . . . . . . . . . . Robots Melted . | . . . . . . . . . . . . . . . . . . . . . Combat Hostiles . | . . . . . . . . . . . . . . . . . . . . . Parts Melted 11 | . 1 . . . 1 . . . . . . 1 . . 3 5 . . . . Heat Transferred 8180 | 150 483 . . 50 150 . . . . 148 570 1210 . 74 1628 2940 777 . . . Parts Sabotaged . | . . . . . . . . . . . . . . . . . . . . . Parts Stolen . | . . . . . . . . . . . . . . . . . . . . . Parts Stripped . | . . . . . . . . . . . . . . . . . . . . . Power Chain Reactions 4 | . 1 . . 1 1 . . . . . . . . . . 1 . . . . Missiles Intercepted . | . . . . . . . . . . . . . . . . . . . . . Alert | -11 -10 -10 -10 -9 -8 -7 -7 -6 -6 -6 -6 -5 -4 -3 -3 -3 -2 -2 -2 -1 ------- Run | Scr Mat Min Exi Min Mat Fac Gar Fac Gar Fac Gar Fac Fac Res Gar Res Res Gar Res Acc Peak Influence 776 | 5 230 48 . 99 155 134 438 555 612 434 776 483 231 286 681 567 505 252 552 745 Initial 407 | . 3 48 . . 38 2 43 229 269 321 184 407 81 120 214 328 312 237 141 331 Average 311 | 1 92 42 . 83 99 56 347 386 456 347 496 341 125 194 491 343 326 239 300 471 Maximum Alert Level 3 | . 1 . . . . . 2 2 2 2 3 2 1 1 2 2 2 1 2 3 Low Security (%) 28 | 100 82 100 . 100 100 100 22 . . . 8 14 83 63 . 12 . . 24 . Level 1 38 | . 17 . . . . . 12 56 49 61 28 42 16 36 29 57 88 100 42 35 Level 2 29 | . . . . . . . 64 43 50 38 37 42 . . 70 29 11 . 32 58 Level 3 2 | . . . . . . . . . . . 24 . . . . . . . . 6 Level 4 . | . . . . . . . . . . . . . . . . . . . . . Level 5 . | . . . . . . . . . . . . . . . . . . . . . High Security . | . . . . . . . . . . . . . . . . . . . . . Max Security . | . . . . . . . . . . . . . . . . . . . . . Squads Dispatched 26 | . 1 . . . . 3 . 2 . 1 . . 1 2 . 4 4 . 5 3 Investigation 5 | . 1 . . . . 1 . 1 . 1 . . . . . . 1 . . . Extermination 6 | . . . . . . 2 . . . . . . . . . 2 2 . . . Reinforcement 10 | . . . . . . . . 1 . . . . 1 1 . 2 1 . 3 1 Assault 4 | . . . . . . . . . . . . . . . . . . . 2 2 Garrison 1 | . . . . . . . . . . . . . . 1 . . . . . . Intercept . | . . . . . . . . . . . . . . . . . . . . . Construction Impeded 1 | . . . . . . . . 1 . . . . . . . . . . . . Haulers Reinforced 1 | . . . . . . . . . . . . . . . . 1 . . . . Stealth | -11 -10 -10 -10 -9 -8 -7 -7 -6 -6 -6 -6 -5 -4 -3 -3 -3 -2 -2 -2 -1 --------- Run | Scr Mat Min Exi Min Mat Fac Gar Fac Gar Fac Gar Fac Fac Res Gar Res Res Gar Res Acc Distress Signals 6 | . . . . . . . . 2 . . . . . . . 1 2 . 1 . Communications Jammed 19 | . . . . . . . . . . . . . . . . . 1 . 18 . Distress Signals 18 | . . . . . . . . . . . . . . . . . . . 18 . Times Spotted 322 | . 16 . . 5 5 4 13 11 15 2 33 11 7 8 25 36 38 3 26 64 Peak Tracking Total 10 | . 4 . . 3 2 1 5 5 5 1 6 4 6 4 6 8 6 4 8 10 Tactical Retreats 46 | . . . . . . . . . 2 . 6 1 1 1 4 9 4 1 4 13 Traps | -11 -10 -10 -10 -9 -8 -7 -7 -6 -6 -6 -6 -5 -4 -3 -3 -3 -2 -2 -2 -1 ------- Run | Scr Mat Min Exi Min Mat Fac Gar Fac Gar Fac Gar Fac Fac Res Gar Res Res Gar Res Acc Traps Triggered 15 | . 1 . . . . . 2 . . . 2 1 1 1 . 3 . 1 2 1 Indirectly . | . . . . . . . . . . . . . . . . . . . . . Trap Hack Attempts . | . . . . . . . . . . . . . . . . . . . . . Triggered . | . . . . . . . . . . . . . . . . . . . . . Disarmed . | . . . . . . . . . . . . . . . . . . . . . Reprogrammed . | . . . . . . . . . . . . . . . . . . . . . Reused . | . . . . . . . . . . . . . . . . . . . . . Traps Extracted . | . . . . . . . . . . . . . . . . . . . . . Installed . | . . . . . . . . . . . . . . . . . . . . . Triggered 1 | . . . . . . . . . . . . . . . . . 1 . . . Machines | -11 -10 -10 -10 -9 -8 -7 -7 -6 -6 -6 -6 -5 -4 -3 -3 -3 -2 -2 -2 -1 ---------- Run | Scr Mat Min Exi Min Mat Fac Gar Fac Gar Fac Gar Fac Fac Res Gar Res Res Gar Res Acc Machines Disabled 14 | . . . . . . . . 4 1 . 3 . . . 2 2 2 . . . Max in Single Turn 3 | . . . . . . . . 3 1 . 1 . . . 1 1 1 . . . Garrison Access 4 | . . . . . . . . . . . . . . . . . . . 1 3 Garrison Relay 5 | . . . . . . . . . 1 . 3 . . . 1 . . . . . Machines Sabotaged . | . . . . . . . . . . . . . . . . . . . . . Garrisons Compromised . | . . . . . . . . . . . . . . . . . . . . . Overloaded Fab Kills . | . . . . . . . . . . . . . . . . . . . . . Fab Network Shutdowns . | . . . . . . . . . . . . . . . . . . . . . Hacking | -11 -10 -10 -10 -9 -8 -7 -7 -6 -6 -6 -6 -5 -4 -3 -3 -3 -2 -2 -2 -1 --------- Run | Scr Mat Min Exi Min Mat Fac Gar Fac Gar Fac Gar Fac Fac Res Gar Res Res Gar Res Acc Machines Accessed 58 | . 4 1 4 . 4 8 . 2 . 7 . 7 . 2 . 4 4 . 5 6 Terminals 25 | . 4 . . . 3 2 . . . 3 . 3 . . . 2 2 . 4 2 Fabricators 3 | . . . . . . 2 . . . . . 1 . . . . . . . . Repair Stations 11 | . . . . . 1 1 . 1 . 1 . 3 . 1 . 2 . . . 1 Recycling Units 2 | . . . . . . 1 . . . . . . . . . . 1 . . . Scanalyzers 3 | . . . . . . 1 . . . 2 . . . . . . . . . . Garrison Access 9 | . . . . . . 1 . 1 . 1 . . . 1 . . 1 . 1 3 Total Hacks 132 | . 12 1 6 . 17 19 . 6 . 20 . 20 . 3 . 7 4 . 8 9 Successful 83 | . 4 1 6 . 14 13 . 5 . 16 . 10 . 3 . 3 1 . 4 3 Failed 48 | . 8 . . . 2 6 . 1 . 4 . 10 . . . 4 3 . 4 6 Catastrophic 7 | . . . . . . . . . . . . . . . . 2 2 . 2 1 Database Lockouts 1 | . . . . . 1 . . . . . . . . . . . . . . . Manual 26 | . 2 . 1 . 6 6 . 1 . 2 . 3 . . . 2 1 . 2 . Terminals 52 | . 12 . . . 8 4 . . . 6 . 6 . . . 3 2 . 7 4 Fabricators 7 | . . . . . . 4 . . . . . 3 . . . . . . . . Repair Stations 40 | . . . . . 9 7 . 3 . 2 . 11 . 2 . 4 . . . 2 Recycling Units 3 | . . . . . . 2 . . . . . . . . . . 1 . . . Scanalyzers 10 | . . . . . . 1 . . . 9 . . . . . . . . . . Garrison Access 13 | . . . . . . 1 . 3 . 3 . . . 1 . . 1 . 1 3 Terminal Hacks 24 | . 2 1 6 . 4 2 . . . 3 . 2 . . . 1 . . 3 . Record 7 | . . . 5 . . . . . . . . . . . . 1 . . 1 . Robot Analysis 2 | . . . . . 1 1 . . . . . . . . . . . . . . Open Door 1 | . . 1 . . . . . . . . . . . . . . . . . . Level Access Points 1 | . . . . . . . . . . 1 . . . . . . . . . . Branch Access Points 2 | . . . . . . . . . . 1 . . . . . . . . 1 . Garrison Index 1 | . . . . . . . . . . 1 . . . . . . . . . . Alert Level 1 | . . . . . 1 . . . . . . . . . . . . . . . Unreport Threat 1 | . . . . . . . . . . . . 1 . . . . . . . . Locate Traps 1 | . 1 . . . . . . . . . . . . . . . . . . . Patrol Status 1 | . . . . . 1 . . . . . . . . . . . . . . . Recall Investigation 1 | . . . . . . 1 . . . . . . . . . . . . . . Zone Layout 4 | . 1 . . . 1 . . . . . . 1 . . . . . . 1 . EX-Prototype ID Bank 1 | . . . 1 . . . . . . . . . . . . . . . . . Fabricator Hacks 1 | . . . . . . 1 . . . . . . . . . . . . . . Network Status 1 | . . . . . . 1 . . . . . . . . . . . . . . Repair Station Hacks 27 | . . . . . 8 4 . 2 . 2 . 7 . 2 . 2 . . . . Scan Component 15 | . . . . . 4 2 . 1 . 1 . 4 . 1 . 2 . . . . Repair 12 | . . . . . 4 2 . 1 . 1 . 3 . 1 . . . . . . Recycling Unit Hacks 1 | . . . . . . 1 . . . . . . . . . . . . . . Report Inventory 1 | . . . . . . 1 . . . . . . . . . . . . . . Scanalyzer 9 | . . . . . . 1 . . . 8 . . . . . . . . . . Insert Component 5 | . . . . . . 1 . . . 4 . . . . . . . . . . Analyze 4 | . . . . . . . . . . 4 . . . . . . . . . . Garrison Access Hacks 11 | . . . . . . 1 . 2 . 2 . . . 1 . . 1 . 1 3 Unlock Access 5 | . . . . . . 1 . 1 . 1 . . . 1 . . 1 . . . Seal Access 4 | . . . . . . . . . . . . . . . . . . . 1 3 Coupler Status 2 | . . . . . . . . 1 . 1 . . . . . . . . . . Unauthorized Hacks 10 | . 2 . . . 2 3 . 1 . 1 . 1 . . . . . . . . Terminals 5 | . 2 . . . 1 1 . . . . . 1 . . . . . . . . Assimilate 2 | . . . . . 1 . . . . . . 1 . . . . . . . . Botnet 3 | . 2 . . . . 1 . . . . . . . . . . . . . . Fabricators 1 | . . . . . . 1 . . . . . . . . . . . . . . Download 1 | . . . . . . 1 . . . . . . . . . . . . . . Repair Stations 2 | . . . . . 1 1 . . . . . . . . . . . . . . Mechanics 2 | . . . . . 1 1 . . . . . . . . . . . . . . Recycling Units . | . . . . . . . . . . . . . . . . . . . . . Scanalyzers . | . . . . . . . . . . . . . . . . . . . . . Garrison Access 2 | . . . . . . . . 1 . 1 . . . . . . . . . . Eject 2 | . . . . . . . . 1 . 1 . . . . . . . . . . Data Cores Recovered . | . . . . . . . . . . . . . . . . . . . . . Used . | . . . . . . . . . . . . . . . . . . . . . Hacking Detections 45 | . 4 . . . 4 6 . 2 . 6 . 7 . 2 . 4 4 . 3 3 Full Trace Events . | . . . . . . . . . . . . . . . . . . . . . Feedback Events . | . . . . . . . . . . . . . . . . . . . . . Feedback Blocked . | . . . . . . . . . . . . . . . . . . . . . Robot Schematics Acquired . | . . . . . . . . . . . . . . . . . . . . . Robots Built . | . . . . . . . . . . . . . . . . . . . . . Matter . | . . . . . . . . . . . . . . . . . . . . . Time . | . . . . . . . . . . . . . . . . . . . . . Total Robot Build Rating . | . . . . . . . . . . . . . . . . . . . . . Part Schematics Acquired 4 | . . . . . . . . . . 4 . . . . . . . . . . Parts Built . | . . . . . . . . . . . . . . . . . . . . . Matter . | . . . . . . . . . . . . . . . . . . . . . Time . | . . . . . . . . . . . . . . . . . . . . . Total Part Build Rating . | . . . . . . . . . . . . . . . . . . . . . Parts Repaired 12 | . . . . . 4 2 . 1 . 1 . 3 . 1 . . . . . . Time 336 | . . . . . 128 32 . 19 . 22 . 113 . 22 . . . . . . Parts Recycled . | . . . . . . . . . . . . . . . . . . . . . Recycled Matter . | . . . . . . . . . . . . . . . . . . . . . Retrieved Matter . | . . . . . . . . . . . . . . . . . . . . . Retrieved Components . | . . . . . . . . . . . . . . . . . . . . . Parts Scanalyzed 4 | . . . . . . . . . . 4 . . . . . . . . . . Part Schematics Acquired 4 | . . . . . . . . . . 4 . . . . . . . . . . Parts Damaged . | . . . . . . . . . . . . . . . . . . . . . Bothacking | -11 -10 -10 -10 -9 -8 -7 -7 -6 -6 -6 -6 -5 -4 -3 -3 -3 -2 -2 -2 -1 ------------ Run | Scr Mat Min Exi Min Mat Fac Gar Fac Gar Fac Gar Fac Fac Res Gar Res Res Gar Res Acc Used RIF Installer 4 | . . . . . . . 1 . 1 . 1 . . . . . . 1 . . Command Fork 1 | . . . . . . . . . . . . . . . . . . 1 . . Signal Jammer 1 | . . . . . . . . . . . 1 . . . . . . . . . Zone Cloak 1 | . . . . . . . . . 1 . . . . . . . . . . . Robots Hacked 28 | . . . . . . . . . 2 1 8 3 . 2 4 7 1 . . . Non-combat 2 | . . . . . . . . . . . . . . . . 2 . . . . Combat 26 | . . . . . . . . . 2 1 8 3 . 2 4 5 1 . . . Robot Hacks Applied 31 | . . . . . . . . . 3 1 9 3 . 2 4 8 1 . . . parse_system 1 | . . . . . . . . . . . 1 . . . . . . . . . drop_inventory 1 | . . . . . . . . . . . . . . . . 1 . . . . locate_stockpiles 1 | . . . . . . . . . . . . . . . . 1 . . . . map_route 1 | . . . . . . . . . . . . . . . . 1 . . . . disrupt_area 1 | . . . . . . . . . 1 . . . . . . . . . . . overload_power 4 | . . . . . . . . . 2 . 2 . . . . . . . . . disable_weapons 4 | . . . . . . . . . . . 2 1 . . 1 . . . . . reboot_system 4 | . . . . . . . . . . . . 1 . 1 1 1 . . . . overwrite_iff 7 | . . . . . . . . . . . 3 . . . 1 2 1 . . . streamctrl_high 6 | . . . . . . . . . . 1 1 1 . 1 . 2 . . . . formatsys_high 1 | . . . . . . . . . . . . . . . 1 . . . . . Relay Couplers Released 28 | . . . . . . 3 . 4 4 3 9 . . . 5 . . . . . Ejected 7 | . . . . . . . . 4 . 3 . . . . . . . . . . Machine Destruction 18 | . . . . . . . . . 4 . 9 . . . 5 . . . . . Programmers 3 | . . . . . . 3 . . . . . . . . . . . . . . Attached 15 | . . . . . . . . . 3 . 4 2 . 2 2 1 1 . . . Robots Rewired . | . . . . . . . . . . . . . . . . . . . . . Allies Hacked . | . . . . . . . . . . . . . . . . . . . . . Hacks Repelled . | . . . . . . . . . . . . . . . . . . . . . Allies | -11 -10 -10 -10 -9 -8 -7 -7 -6 -6 -6 -6 -5 -4 -3 -3 -3 -2 -2 -2 -1 -------- Run | Scr Mat Min Exi Min Mat Fac Gar Fac Gar Fac Gar Fac Fac Res Gar Res Res Gar Res Acc Total Allies 18 | . . 3 . . 1 . . . . 1 4 1 . 1 2 4 1 . . . Largest Group 3 | . . 3 3 2 2 2 . . . 1 2 1 . 1 2 2 1 . . . Highest-Rated Group 112 | . . 40 40 24 26 26 . . . 32 58 49 . 56 112 112 58 . . . Highest-Rated Ally 64 | . . 16 16 16 16 16 . . . 32 29 49 . 56 64 56 58 . . . Total Orders 10 | . . . . . . . . . . . 2 6 1 . . . 1 . . . EXPLORE 9 | . . . . . . . . . . . 2 5 1 . . . 1 . . . RETURN 1 | . . . . . . . . . . . . 1 . . . . . . . . Ally Attacks 99 | . . . . 15 14 2 . . . . 20 4 . 3 17 22 2 . . . Total Damage 2541 | . . . . 158 152 31 . . . . 304 214 . 95 503 992 92 . . . Kills 16 | . . . . 3 . . . . . . 1 2 . . 3 6 1 . . . Allies Corrupted . | . . . . . . . . . . . . . . . . . . . . . Allies Melted . | . . . . . . . . . . . . . . . . . . . . . Intel | -11 -10 -10 -10 -9 -8 -7 -7 -6 -6 -6 -6 -5 -4 -3 -3 -3 -2 -2 -2 -1 ------- Run | Scr Mat Min Exi Min Mat Fac Gar Fac Gar Fac Gar Fac Fac Res Gar Res Res Gar Res Acc Robot Analysis Total 2 | . . . . . 1 1 . . . . . . . . . . . . . . Derelict Logs Recovered 1 | . . 1 . . . . . . . . . . . . . . . . . . Drone Launches 10 | . . . . . . . . . . . 2 6 1 . . . 1 . . . Drone Recoveries 7 | . . . . . . . . . . . 2 4 1 . . . . . . . Exploration | -11 -10 -10 -10 -9 -8 -7 -7 -6 -6 -6 -6 -5 -4 -3 -3 -3 -2 -2 -2 -1 ------------- Run | Scr Mat Min Exi Min Mat Fac Gar Fac Gar Fac Gar Fac Fac Res Gar Res Res Gar Res Acc Turns Passed 11678 | 92 658 447 497 168 497 530 491 404 408 529 1107 935 258 223 618 1384 1248 39 359 786 Spaces Moved 8712 | 52 434 350 413 89 260 324 314 183 183 369 602 516 169 118 366 962 934 95 864 1115 Core 304 | 3 . . . . . . . . . . . . . . . . 1 . . 300 Treads 101 | . . . . . . . . . . . . . . . . . . . . 101 Legs 6287 | 49 434 350 413 89 260 324 314 183 183 369 602 516 169 118 366 962 586 . . . Wheels . | . . . . . . . . . . . . . . . . . . . . . Hover 386 | . . . . . . . . . . . . . . . . . . . . 386 Flight 1634 | . . . . . . . . . . . . . . . . . 347 95 864 328 Fastest Speed 22 | 50 120 120 120 120 120 123 123 122 122 125 122 122 120 104 104 104 22 22 22 28 Average Speed 96 | 115 120 120 120 141 120 123 123 122 123 125 123 122 121 115 104 106 84 22 24 57 Slowest Speed 250 | 120 150 120 120 150 123 123 123 125 126 125 125 122 122 150 104 112 150 22 30 250 Overloaded Moves . | . . . . . . . . . . . . . . . . . . . . . Propulsion Burnouts . | . . . . . . . . . . . . . . . . . . . . . Robots Hopped . | . . . . . . . . . . . . . . . . . . . . . Cave-ins Triggered . | . . . . . . . . . . . . . . . . . . . . . Exploration Rate (%) 34 | 4 66 69 89 19 23 9 65 4 48 11 81 14 6 4 43 31 26 39 32 38 Regions Visited 20 Branch Regions 3 Pre-discovered Areas 1 | . . 1 . . . . . . . . . . . . . . . . . . Known Exits Taken 9 | . 1 1 1 . . 1 . 1 . 1 . . . 1 . . 1 . 1 . Unknown Exits Taken 6 | 1 . . . 1 1 . . . . . . 1 1 . . 1 . . . . Scrap Searched 2 | . . 2 . . . . . . . . . . . . . . . . . . Spaces Dug 22 | . . . . . . 1 . 1 . . . . . . . . 12 . 4 4 Terrain Destroyed 180 | . 7 . . 1 3 1 . 57 31 . 11 1 4 1 9 9 37 . 4 4 Melee 21 | . . . . . . 1 . 1 . . . . . . . . 11 . 4 4 Projectile 37 | . . . . . . . . . 3 . 5 1 4 1 9 . 14 . . . AOE 122 | . 7 . . 1 3 . . 56 28 . 6 . . . . 9 12 . . . Terrain Rammed . | . . . . . . . . . . . . . . . . . . . . . Walls Destroyed . | . . . . . . . . . . . . . . . . . . . . . Machines Disabled . | . . . . . . . . . . . . . . . . . . . . . Actions | -11 -10 -10 -10 -9 -8 -7 -7 -6 -6 -6 -6 -5 -4 -3 -3 -3 -2 -2 -2 -1 --------- Run | Scr Mat Min Exi Min Mat Fac Gar Fac Gar Fac Gar Fac Fac Res Gar Res Res Gar Res Acc Total 10889 | 72 509 375 415 114 420 426 370 309 287 432 822 762 201 162 504 1214 1231 112 950 1202 Wait 864 | 4 16 22 . 4 121 39 9 56 10 32 62 148 12 8 30 127 155 . . 9 Move 8689 | 51 433 349 412 88 259 323 312 182 181 368 600 515 168 117 365 961 934 93 863 1115 Hop . | . . . . . . . . . . . . . . . . . . . . . Pick Up 168 | 3 11 2 1 1 19 18 3 6 4 10 17 16 3 2 14 3 20 . 10 5 Fast Attach 121 | 6 1 . . 1 1 5 1 6 3 1 3 7 . 2 5 21 22 . 20 16 Attach 77 | . 2 . . 2 4 1 3 3 8 . 8 5 3 4 7 4 12 1 2 8 Detach 6 | . . . . . . . . 1 . . . . . . . 1 . . . 4 Swap 158 | . 4 . . 4 4 8 3 11 19 4 22 20 4 9 14 17 8 . 4 3 Drop 175 | . 9 1 2 4 2 14 4 14 7 9 19 21 2 1 16 21 8 . 15 6 Fire 475 | 8 33 1 . 10 10 17 27 27 45 6 89 27 9 19 53 57 37 . . . Melee 94 | . . . . . . 1 . 3 . . . . . . . . 35 . 28 27 Ram 9 | . . . . . . . . . . . . . . . . . . . . 9 Kick 17 | . . . . . . . . . 10 2 . 3 . . . 2 . . . . Crush . | . . . . . . . . . . . . . . . . . . . . . Escape Stasis 36 | . . . . . . . 8 . . . 2 . . . . . . 18 8 . Rewire . | . . . . . . . . . . . . . . . . . . . . . Trap . | . . . . . . . . . . . . . . . . . . . . . Miscellaneous . | . . . . . . . . . . . . . . . . . . . . . Route ------- -11/Scrapyard -10/Materials (discovered 4 exits: *Mat x3 / *Min) -10/Mines (discovered 3 exits: *Mat x2 / *Exi) -10/Exiles -9/Mines -8/Materials -7/Factory (discovered 2 exits: Sto / Gar) -7/Garrison (discovered 3 exits: *Fac x3) -6/Factory -6/Garrison -6/Factory (discovered 7 exits: Fac x4 / Low x2 / Gar) -6/Garrison (discovered 3 exits: *Fac x3) -5/Factory -4/Factory -3/Research -3/Garrison -3/Research -2/Research -2/Garrison -2/Research (discovered 3 exits: *Acc / *Tes x2) -1/Access History --------- Turn | Location | Event 13 | -11/Scrapyard | Discovered new exit (range 16) 93 | -11/Scrapyard | Entered Materials 245 | -10/Materials | Discovered new exit (range 13) 302 | -10/Materials | Build established: Mutant 352 | -10/Materials | Discovered new exit (range 11) 409 | -10/Materials | Discovered new exit (range 14) 617 | -10/Materials | Discovered new exit (range 10) 627 | -10/Materials | Identified exit to Materials 750 | -10/Materials | Identified exit to Mines 751 | -10/Materials | Entered Mines 758 | -10/Mines | Received a Rocket Launcher from a helpful Derelict 867 | -10/Mines | Learned location of Storage (-7) 869 | -10/Mines | Discovered exit to Materials (range 3) 922 | -10/Mines | Discovered exit to Materials (range 10) 928 | -10/Mines | Assembled infested the area 976 | -10/Mines | Found the Drone Emporium 982 | -10/Mines | Found Prototype Device 1016 | -10/Mines | Assisted by bots powering up and referring to "LRC-V3" 1186 | -10/Mines | Discovered new exit (range 5) 1189 | -10/Mines | Identified exit to Exiles 1198 | -10/Mines | Entered Exiles 1198 | -10/Exiles | Accompanied by 3 allies 1227 | -10/Exiles | Met 8R-AWN 1248 | -10/Exiles | Met EX-HEX 1286 | -10/Exiles | Met EX-BIN 1300 | -10/Exiles | Aligned with FarCom system 1302 | -10/Exiles | Given EX-Vault access code 1330 | -10/Exiles | Opened EX-Vault 1337 | -10/Exiles | Found Lightpack 2.0 1386 | -10/Exiles | Warned to stay clear of 0b10 Research branches 1422 | -10/Exiles | Met EX-DEC 1503 | -10/Exiles | Visited The Gauntlet 1683 | -10/Exiles | Discovered new exit (range 10) 1694 | -10/Exiles | Identified exit to Mines 1695 | -10/Exiles | Left Exiles lab with Lightpack 2.0 1695 | -10/Exiles | Entered Mines 1695 | -9/Mines | Accompanied by 2 allies 1716 | -9/Mines | Discovered new exit (range 16) 1863 | -9/Mines | Entered Materials 1863 | -8/Materials | Accompanied by 1 ally 1863 | -8/Materials | Evolved 4 slots: Propulsion x1, Utility x2, Weapon x1 2124 | -8/Materials | Repaired Carbon-fiber Leg 2164 | -8/Materials | Repaired Carbon-fiber Leg 2190 | -8/Materials | Repaired Lgt. Armor Plating 2216 | -8/Materials | Repaired Weapon Shielding 2253 | -8/Materials | Discovered new exit (range 10) 2294 | -8/Materials | Build established: Scavenger-Skirmisher 2322 | -8/Materials | Central database locked down 2360 | -8/Materials | Entered Factory 2360 | -7/Factory | Accompanied by 2 allies 2360 | -7/Factory | Evolved 2 slots: Utility x2 2361 | -7/Factory | Identified exit to Storage 2460 | -7/Factory | Repaired EM Shotgun 2477 | -7/Factory | Repaired EM Shotgun 2576 | -7/Factory | Identified Sensor Drone Bay 2888 | -7/Factory | Identified exit to Garrison 2890 | -7/Factory | Entered Garrison 2979 | -7/Garrison | Triggered checkpoint 3087 | -7/Garrison | Destroyed 8 combat bots 3133 | -7/Garrison | Discovered new exit (range 8) 3263 | -7/Garrison | Discovered new exit (range 11) 3353 | -7/Garrison | Discovered new exit (range 10) 3370 | -7/Garrison | Installed Relay Interface Framework 3381 | -7/Garrison | Entered Factory 3381 | -6/Factory | Evolved 2 slots: Propulsion x1, Utility x1 3572 | -6/Factory | Repaired Imp. Light Armor Plating 3780 | -6/Factory | Identified exit to Garrison 3785 | -6/Factory | Entered Garrison 3792 | -6/Garrison | Expanded RIF knowledge: Zone Cloak 3817 | -6/Garrison | Triggered checkpoint 3829 | -6/Garrison | Garrison Relay disabled 3940 | -6/Garrison | Spotted B-75 Beast 3975 | -6/Garrison | Triggered checkpoint 3999 | -6/Garrison | Lost 4 parts (1n1u2w) 4021 | -6/Garrison | Destroyed B-75 Beast 4048 | -6/Garrison | Lost 3 parts (1p1u1w) 4052 | -6/Garrison | Triggered checkpoint 4080 | -6/Garrison | Destroyed 12 combat bots 4180 | -6/Garrison | Discovered new exit (range 10) 4193 | -6/Garrison | Entered Factory 4258 | -6/Factory | Repaired Remote Datajack 4379 | -6/Factory | Identified exit to Factory 4525 | -6/Factory | Identified exit to Lower Caves 4706 | -6/Factory | Identified exit to Garrison 4722 | -6/Factory | Entered Garrison 4752 | -6/Garrison | Triggered checkpoint 4791 | -6/Garrison | Build established: Bothacker-Skirmisher 4814 | -6/Garrison | Garrison Relay disabled 5238 | -6/Garrison | Triggered checkpoint 5261 | -6/Garrison | Garrison Relay disabled 5347 | -6/Garrison | Discovered exit to Factory (range 10) 5424 | -6/Garrison | Triggered checkpoint 5462 | -6/Garrison | Triggered checkpoint 5469 | -6/Garrison | Core integrity fell below 50% 5573 | -6/Garrison | Build established: Bothacker-Tank 5584 | -6/Garrison | Discovered exit to Factory (range 10) 5619 | -6/Garrison | Triggered checkpoint 5693 | -6/Garrison | Garrison Relay disabled 5799 | -6/Garrison | Discovered exit to Factory (range 15) 5823 | -6/Garrison | Expanded RIF knowledge: Signal Jamming 5829 | -6/Garrison | Entered Factory 5829 | -5/Factory | Evolved 2 slots: Utility x1, Weapon x1 6104 | -5/Factory | Repaired Imp. Light Armor Plating 6260 | -5/Factory | Repaired Remote Datajack 6511 | -5/Factory | Discovered new exit (range 8) 6552 | -5/Factory | Build established: Bothacker-Skirmisher 6555 | -5/Factory | Repaired Arm. Leg 6764 | -5/Factory | Entered another Factory area 6764 | -4/Factory | Evolved 2 slots: Propulsion x1, Utility x1 6869 | -4/Factory | Discovered new exit (range 6) 7022 | -4/Factory | Entered Research 7022 | -3/Research | Evolved 2 slots: Power x1, Utility x1 7120 | -3/Research | Repaired Imp. Medium Armor Plating 7180 | -3/Research | Garrison activated, responded to threat 7239 | -3/Research | Identified exit to Garrison 7245 | -3/Research | Entered Garrison 7348 | -3/Garrison | Triggered checkpoint 7361 | -3/Garrison | Garrison Relay disabled 7560 | -3/Garrison | Triggered checkpoint 7560 | -3/Garrison | Spotted B-86 Titan 7693 | -3/Garrison | Triggered checkpoint 7693 | -3/Garrison | Destroyed B-86 Titan 7758 | -3/Garrison | Discovered new exit (range 8) 7832 | -3/Garrison | Lost 15 parts (2n9u4w) 7863 | -3/Garrison | Entered Research 7971 | -3/Research | Build established: Bothacker-Tank 9173 | -3/Research | Lost 3 parts (1u2w) 9226 | -3/Research | Discovered new exit (range 16) 9247 | -3/Research | Entered another Research area 9247 | -2/Research | Evolved 2 slots: Utility x1, Weapon x1 9512 | -2/Research | Spotted B-90 Cyclops 10120 | -2/Research | Lost 11 parts (3p2n1u5w) 10287 | -2/Research | Lost 7 parts (2n5w) 10314 | -2/Research | Released all parts (11) 10334 | -2/Research | Spotted B-90 Cyclops 10360 | -2/Research | Lost 9 parts (2p4n2u1w) 10391 | -2/Research | Spotted B-90 Cyclops 10495 | -2/Research | Identified exit to Garrison 10495 | -2/Research | Entered Garrison 10498 | -2/Garrison | Expanded RIF knowledge: Command Fork 10507 | -2/Garrison | Spotted B-90 Cyclops 10509 | -2/Garrison | Triggered checkpoint 10532 | -2/Garrison | Discovered new exit (range 12) 10534 | -2/Garrison | Entered Research 10561 | -2/Research | Found Enh. Force Lance 10602 | -2/Research | Found Prototype Hackware 10602 | -2/Research | Identified Exp. System Shield 10643 | -2/Research | Found Prototype Reactor 10643 | -2/Research | Identified Zero-point Reactor 10645 | -2/Research | Spotted B-90 Cyclops 10722 | -2/Research | Identified exit to Testing 10784 | -2/Research | First assault squad dispatched 10803 | -2/Research | Found Enh. Force Lance 10842 | -2/Research | Core integrity fell below 50% 10863 | -2/Research | Spotted B-90 Cyclops 10881 | -2/Research | Discovered new exit (range 13) 10884 | -2/Research | Identified exit to Access 10893 | -2/Research | Entered Access 10893 | -1/Access | Evolved 2 slots: Propulsion x1, Utility x1 11018 | -1/Access | Lost 4 parts (1n2u1w) 11143 | -1/Access | First assault squad dispatched 11175 | -1/Access | Lost 3 parts (2n1u) 11301 | -1/Access | Lost 11 parts (2n4u5w) 11456 | -1/Access | Spotted B-99 Colossus 11485 | -1/Access | Core integrity fell below 50% 11491 | -1/Access | Spotted B-99 Colossus 11491 | -1/Access | Spotted B-99 Colossus 11528 | -1/Access | Core integrity fell below 20% 11537 | -1/Access | Build established: Mutant 11547 | -1/Access | Lost 11 parts (2p3n5u1w) 11679 | -1/Access | Destroyed by G-73 Enforcer with Phase Gun Last Messages --------------- 11551_ Q5IF0AJO2ANY6YYAS,&6KSFE59=0ZT 11569_ Acquired Imp. Antigrav System. 11573_ Acquired Lgt. Quantum Reactor. 11585_ FSPA5HSV3K#Z4QM07 BRD=F:LD9OV4 11603_ Slug penetrates Wall. 11609_ HZSXEGI QLBXYYYQWEFJAELI4:L/FN 11639_ System corrupted: Energy discharge (-76). 11643_ ALERT: Significant disruption in Zone 5T, assault force dispatched. 11675_ C-30 ARC bursts open, deploying its payload. 11675_ G-73 Enforcer unfolds itself. 11675_ M-36 Artificer unfolds itself. 11676_ Imp. Antigrav System destroyed. 11678_ Lgt. Quantum Reactor destroyed. 11679_ Acquired Imp. Gyrokinetic Inverter. [Achievement: 20k Club] Map ----- +----------------------------------------------------+ | ??# #?????????????????????????????????? | | ??# #?????????????????????????????????? | | ??# ! #?????????????????????????????????? | | ??# #?????????????????????????????????? | | ??# " #?????????????????????????????????? | | ??# """ [ #?????????????????????????????????? | | ??# """ #?????????????????????????????????? | | ??# " #?????????????????????????????????? | | ??# #?????? ??????????????????????????? | | ??# #????? ??????????????????????????? | | #########+########### ??????????????????????? | | # ???????????????????????? | | # ###?? ??????????????????????????? | | # #???# ??????????????????????????? | | + #???# ??????????????????????????? | | " # #???#g#??????????????????????????? | | " # #???#"#??????????????????????????? | | " + #???#%#??????????????????????????? | | " # ##+#####g#####??????????????????????? | | " # # gg #??????????????????????? | | # # m #??????????????????????? | | # # #??????????????????????? | | # # #??????????????????????? | | ###### # #???Y??????????????????? | | ?????# # **#??????????????????????? | | ?????# # *@#??????????????????????? | | ?????# # #??????????????????????? | | ?????# # #???? ?????????????????? | | ?????? + #???? #????????????????? | | ?????? ?? ?# #???? #????????????????? | | ?????????????# #???? #????????????????? | | ?????????????##############??## ###??????????????? | | ???????????????????????????? h ???????????????? | | ???????????????????????????? #??????????????? | | ???????????????????????????? #??????????????? | | ?????????? ????????????????? h /??????????????? | | ????????? ????????????????? #??????????????? | | ????????? ????????????????? ? #??????????????? | | ???????? ?????????????????? ? #??????????????? | | ????#####/#######????#########/##+#??????????????? | | ???# ?????# #??????????????? | | ???# ??????# #?##########???? | | ???# ?????# " #?# #???? | | ???# ??????# """ #?# #???? | | ???# ???????# G #?# #???? | | ???# ???????# """ #?# ! =#???? | | ???# ????????# " #?# #???? | | ???# """""??????????# #?# #???? | | ???# """""??????????# #?# #???? | | ???# """""??????????# #?? #???? | +----------------------------------------------------+ Best States ------------- Heat Dissipation 87 Energy Generation 53 Energy Capacity 665 Matter Stores 800 Matter Capacity 800 Sight Range 20 Terrain Scan Range 24 Terrain Scan Density 10 ECM Strength 3 Jamming Range 16 Cloak Strength 4 Armor Coverage 450 Resistance: KI 25 Resistance: EM 25 Core Shielding 20 Power Shielding 66 Weapon Shielding 33 Weapon Cycling 15 Phase Shifting 10 Evasion (%) 79 Targeting Accuracy 16 Melee Accuracy 20 Target Analysis 8 Core Analysis 6 Armor Integrity Analysis 66 Recoil Reduction 2 Energy Filtering 30 Offensive Hacking 22 Defensive Hacking 16 Relay Coupler Types 83 Relay Coupler Value 4 Item Schematics ----------------- Rocket Launcher | -6/Factory | Scanalyzed Remote Datajack | -6/Factory | Scanalyzed Lrn. Missile Launcher | -6/Factory | Scanalyzed Energy Well | -6/Factory | Scanalyzed Robot Schematics ------------------ None Fabricated ------------ Nothing Alien Tech Used ----------------- None Achievements -------------- 20k Club Assimilation Complete Error 47 Factory Defaults Infiltrator Challenges ------------ None Game ------ Seed WeldingSwordSystem Manual? 0 Play Time 05:41:06 Cumulative 61.4 hours Start 2022.02.19 @ 23:09:19 End 2022.02.21 @ 08:26:05 Sessions 7 Manual Loads 0 Difficulty Rogue Special Mode None Game No. 22 Rogue 22 Adventurer 0 Explorer 0 Win Type - Total 2 Types 2/0/0/0/0/0/0/0/0 Lore% 43 Gallery% 41 Achievement% 36 Wizard Run 0 Options --------- ASCII 0 Keyboard 0 Movement Numpad Keybinds 0 Fullscreen 1 Font 18/SmallcapsGlow Map View 76x50 Tactical HUD 1 Map Filters NONE Filters NONE Steam 1 RUN: 3e95ace5-d3fa-4896-8fb8-449d9d0efb86